 Dungeon Crawl Stone Soup version 0.26.1-11-gd32895ea62 (webtiles) character file.

Game seed: 12618057428516648730

545 nothank2 the Caller (level 7, 0/46 HPs)
             Began as a Merfolk Summoner on June 13, 2021.
             Was an Initiate of Vehumet.
             Slain by an orc
             ... wielding a +0 trident
              (7 damage)
             ... on level 5 of the Dungeon.
             The game lasted 00:23:46 (5358 turns).

nothank2 the Caller (Merfolk Summoner)              Turns: 5358, Time: 00:23:49

Health: 0/46       AC:  4    Str:  9    XL:     7   Next: 27%
Magic:  9/14       EV: 17    Int: 16    God:    Vehumet [......]
Gold:   259        SH:  5    Dex: 14    Spells: 8/16 levels left

rFire    . . .     SeeInvis .   d - +3 whip (venom)
rCold    . . .     Faith    .   (no shield)
rNeg     . . .     Spirit   .   a - +0 robe
rPois    .         Reflect  +   (no helmet)
rElec    .         Harm     .   (no cloak)
rCorr    .         Rampage  .   q - +1 pair of gloves
Will     +....                  (no boots)
Stlth    ++........             t - amulet of reflection
HPRegen  0.15/turn              h - +4 ring of evasion
MPRegen  0.14/turn              b - ring of willpower

@: no status effects
A: change form in water, swift swim, stealthy swim
a: Renounce Religion


You were on level 5 of the Dungeon.
You worshipped Vehumet.
Vehumet was noncommittal.
You visited 2 branches of the dungeon, and saw 6 of its levels.

You collected 259 gold pieces.

Inventory:

Hand Weapons
 d - a +3 whip of venom (weapon)
 l - a +0 hand axe of freezing
 o - a cursed +0 mace
 r - a +1 dagger of venom
Armour
 a - a +0 robe (worn)
 q - a +1 pair of gloves (worn)
Jewellery
 b - a ring of willpower (right hand)
 f - an uncursed ring of protection from fire
 h - a +4 ring of evasion (left hand)
 t - an amulet of reflection (around neck)
 w - an uncursed ring of resist corrosion {unknown}
Scrolls
 c - a scroll of blinking
 i - a scroll of enchant weapon
 j - 2 scrolls of fear
 m - 2 scrolls of teleportation
 p - a scroll of magic mapping
 z - a scroll of remove curse
Potions
 e - a potion of might
 g - a potion of curing {unknown}
 k - 2 potions of cancellation
 n - a potion of magic
 u - a potion of flight
 A - a potion of invisibility {unknown}


   Skills:
 - Level 2.6 Dodging
 - Level 2.1 Stealth
 - Level 1.2 Shields
 + Level 5.1 Spellcasting
 + Level 6.5 Summonings


You had 8 spell levels left.
You knew the following spells:

 Your Spells              Type           Power        Failure   Level
a - Summon Guardian Gole  Hex/Summ       14%          12%         3
b - Call Imp              Summ           25%          1%          2
c - Call Canine Familiar  Summ           25%          3%          3

Your spell library contained the following spells:

 Spells                   Type           Power        Failure   Level
 Summon Small Mammal      Summ           100%         1%          1
 Summon Ice Beast         Ice/Summ       14%          36%         4
 Summon Lightning Spire   Summ/Air       14%          36%         4


Dungeon Overview and Level Annotations

Branches:
Dungeon (5/15)             Temple (1/1) D:4

Altars:
Ashenzari
Dithmenos
Elyvilon
Fedhas
Gozag
Hepliaklqana
Kikubaaqudgha
Nemelex Xobeh
Qazlal
Ru
Trog
Uskayaw
Vehumet
Xom
Yredelemnul
Zin

Shops:
D:4 *

Annotations:
D:5 2 transporters, oc3rt's ghost, amateur KoHu


Message History

Found a stone staircase leading down.
Items here: )) [ †.
You hit the orc.
The orc is poisoned.
The orc is lightly wounded.
You hear some strange, mumbled words.
A puff of flame appears from out of thin air!
The puff of flame hits you!
* * * LOW HITPOINT WARNING * * *
Something hits your guardian golem but does no damage.
You hear a zap.
A puff of flame appears from out of thin air!
The puff of flame misses you. The orc barely misses you.
Your hound bites something.
The orc wizard hits your guardian golem but does no damage.
Something hits your hound but does no damage.
Your hound barely misses something.
The orc wizard gestures at you while chanting.
The magic dart hits your hound!
The orc hits you from afar with a +0 trident!
You die...

### .. .# . ##.# ...
###..#
>....####...#############
....ooo)@................
.....###{.###############
... #h8## ### . #o## #..
... #########.# ...©
.......#.)# ##### #.....
#8.BW ##.#### ......#.#
##..#


You could see an orc wizard (fast), oc3rt's ghost, 3 orcs, a giant cockroach, a
friendly guardian golem (summoned) and a friendly hound (summoned, sheltered).

Vanquished Creatures
  A sky beast (D:5)
  A phantom (D:4)
  Natasha (D:2)
  A worker ant (D:4)
  2 orc wizards
  Terence (D:2)
  A howler monkey skeleton (D:5)
  5 adders
  A white imp (D:5)
  An ooze (D:2)
  An adder skeleton (D:4)
  A worm (D:3)
  7 orcs
  A ball python (D:5)
  4 bats
  5 giant cockroaches
  A goblin (D:3)
  3 hobgoblins
  4 jackals
  6 kobolds
  3 quokkas (D:3)
  3 frilled lizards
  2 rats
56 creatures vanquished.

Vanquished Creatures (collateral kills)
  A jelly (D:5)
  An orc wizard (D:5)
  Natasha (D:2)
  A worker ant zombie (D:4)
  5 adders
  An ufetubus (D:5)
  An adder skeleton (D:4)
  A worm (D:2)
  3 dart slugs
  A leopard gecko (D:3)
  7 orcs
  A bat (D:3)
  A giant cockroach (D:3)
  3 goblins (D:3)
  4 hobgoblins
  2 jackals (D:4)
  2 quokkas
  A ball python (D:2)
  A frilled lizard (D:2)
  2 kobolds (D:3)
  A rat (D:1)
41 creatures vanquished.

Vanquished Creatures (others)
  Grinder (D:5)
  An ice beast (D:5)
  A phantom (D:5)
  A bullfrog zombie (D:5)
  A ball python skeleton (D:5)
5 creatures vanquished.

Grand Total: 102 creatures vanquished

Notes
Turn   | Place    | Note
-------+----------+-------------------------------------------
     0 | D:1      | nothank2 the Merfolk Summoner began the quest for the Orb.
     0 | D:1      | Reached XP level 1. HP: 13/13 MP: 3/3
   415 | D:1      | Reached XP level 2. HP: 19/19 MP: 0/5
   420 | D:1      | Learned a level 2 spell: Call Imp
  1165 | D:2      | Noticed an air elemental
  1167 | D:2      | Noticed Terence
  1168 | D:2      | Found a stormy altar of Qazlal.
  1179 | D:2      | Killed Terence
  1180 | D:2      | Reached XP level 3. HP: 18/24 MP: 2/7
  1246 | D:2      | Noticed a water elemental
  1246 | D:2      | Noticed a fire elemental
  1246 | D:2      | Noticed an earth elemental
  1300 | D:2      | Noticed Natasha
  1312 | D:2      | Killed Natasha
  1313 | D:2      | Reached XP level 4. HP: 30/30 MP: 2/8
  1316 | D:2      | Reached skill level 5 in Summonings
  1320 | D:2      | Learned a level 3 spell: Call Canine Familiar
  2007 | D:2      | Noticed Natasha
  2016 | D:2      | Killed Natasha
  2384 | D:3      | Identified the +1 ice dragon scales "Anuocuhe" {Harm rPois
                  | rF- rC++ Regen+}
  2397 | D:3      | Reached XP level 5. HP: 29/35 MP: 6/10
  2743 | D:3      | Found a shimmering altar of Xom.
  2747 | D:3      | Found a basalt altar of Yredelemnul.
  2747 | D:3      | Found an opulent altar of Gozag.
  2759 | D:3      | Found a burning altar of Makhleb.
  2759 | D:3      | Found a shimmering altar of Xom.
  2759 | D:3      | Found a sparkling altar of Nemelex Xobeh.
  3006 | D:3      | Found an ancient bone altar of Kikubaaqudgha.
  3622 | D:3      | Found a hazy altar of Hepliaklqana.
  3838 | D:4      | Reached XP level 6. HP: 28/41 MP: 9/12
  3982 | D:4      | Found a staircase to the Ecumenical Temple.
  3989 | Temple   | Entered the Ecumenical Temple
  4122 | Temple   | Became a worshipper of Vehumet
  4138 | D:4      | Noticed a phantom
  4197 | D:4      | Killed a phantom
  4300 | D:4      | Found an opulent altar of Gozag.
  4357 | D:4      | Found Zin's Purification Station.
  4361 | D:4      | Found a glowing silver altar of Zin.
  4485 | D:4      | Found a glowing silver altar of Zin.
  4625 | D:4      | Found a blossoming altar of Fedhas.
  4770 | D:4      | Learned a level 3 spell: Summon Guardian Golem
  4819 | D:5      | Entered Level 5 of the Dungeon
  4849 | D:5      | Noticed Grinder
  4869 | D:5      | Killed Grinder
  4870 | D:5      | Reached skill level 1 in Shields
  4953 | D:5      | Noticed a sky beast
  4970 | D:5      | Killed a sky beast
  4971 | D:5      | Reached skill level 6 in Summonings
  5102 | D:5      | Found a transporter.
  5116 | D:5      | Noticed oc3rt's ghost (amateur KoHu)
  5130 | D:5      | Noticed a phantom
  5139 | D:5      | Reached XP level 7. HP: 33/46 MP: 10/14
  5151 | D:5      | Found a sparkling altar of Nemelex Xobeh.
  5164 | D:5      | Reached skill level 5 in Spellcasting
  5340 | D:5      | Found a transporter.
  5358 | D:5      | Slain by an orc

Illustrated notes

Levels and vault maps discovered:
D:1:      lightli_arrival_statuegarden, layout_rooms, minmay_cut_off
D:2:      layout_basic, nicolae_qazlal_style_of_elements, uniq_natasha,
          uniq_terence
D:3:      minmay_octagon_keep, layout_basic, nzn_hepliaklqana_mist_gate,
          lemuel_round_altar, doesnt_xom_only_xom
D:4:      layout_loops_ring, fedhas_altar_fruit_tree, zin_purify,
          lemuel_crystal_altar, temple_fountains, kennysheep_small_circle
D:5:      layout_rooms, lemuel_crystal_altar, general_overflow_altar,
          gammafunk_ghost_arena, chequers_serial_rivers_small_a, uniq_grinder
Temple:   nicolae_temple_figure_zero

Skill      XL: |  1  2  3  4  5  6  7 |
---------------+----------------------+-----
Spellcasting   | 3 4 5 |  5.1
Summonings     | 5 6 |  6.5
Shields        | 1 |  1.2
Dodging        | |  2.6
Stealth        | |  2.1

Action                   |  1- 3 |  4- 6 |  7- 9 || total
-------------------------+-------+-------+-------++-------
Melee: Whip              |    35 |   132 |    32 ||   199
 Cast: Summon Small Mamm |    18 |       |       ||    18
       Call Imp          |    14 |    43 |     1 ||    58
       Call Canine Famil |       |     9 |     3 ||    12
       Summon Guardian G |       |     3 |     1 ||     4
  Use: Scroll            |     3 |    11 |       ||    14
 Stab: Sleeping          |     3 |     3 |       ||     6
       Distracted        |       |     1 |       ||     1
Armor: Robe              |     4 |    23 |     4 ||    31
Dodge: Dodged            |    26 |   108 |    19 ||   153
Block: Other             |       |    30 |     9 ||    39
